[Event "*** MasterClass Titled Tuesday Blitz"]
[Site "Chess.com"]
[Date "2017.12.05"]
[Round "9"]
[White "R2D3"]
[Black "ZABDIELBLANCO"]
[Result "1-0"]
[WhiteElo "1714"]
[BlackElo "1221"]
[TimeControl "180+2"]
[EndTime "16:10:48 PST"]
[Termination "R2D3 won by resignation"]

1. e4 c5 2. Nf3 Nc6 3. Bc4 e6 4.
O-O Nf6 5. d3 d5 6. exd5 exd5 7.
Re1+ Be7 8. Bb3 O-O 9. Nc3 Be6 10.
Bg5 h6 11. Bh4 c4 12. dxc4 dxc4 13. Ba4 Qxd1 14. Raxd1 Rac8 15. Bxc6 Rxc6 16. Ne5 Rcc8 17. Rd4 Rfe8 18. Red1 Nd7 19. Nxd7 Bxh4 20. Rxh4 Bxd7 21. h3 Be6 22. Nb5 a6 23. Nd6 Red8 24. Rhd4 Rc7 25. c3 b5 26. f4 f6 27. f5 Bf7 28. Nxf7 Rxd4 29. Rxd4 Kxf7 30. g4 Ke7 31. Kf2 Rc5 32. Ke3 Re5+ 33. Re4 Kd6 34. Kd4 Rd5+ 35. Ke3 Rd1 36. Rd4+ Rxd4 37. Kxd4 a5 38. b3 cxb3 39. axb3 a4 40. bxa4 bxa4 41. Kc4 a3 42. Kb3 a2 43. Kxa2 Kc5 44. Kb3 Kb6 45. Kc4 Kc6 46. Kd4 Kd6 47. c4 Kc6 48. c5 Kd7 49. Kd5 Ke7 50. c6 Kd8 51. Ke6 Kc8 52. Kf7 Kc7 53. Kxg7 Kxc6 54. Kxf6 1-0

[Event "*** MasterClass Titled Tuesday Blitz"]
[Site "Chess.com"]
[Date "2017.12.05"]
[Round "9"]
[White "Jumbo"]
[Black "Dr_Nezard"]
[Result "1-0"]
[WhiteElo "2457"]
[BlackElo "2299"]
[TimeControl "180+2"]
[EndTime "16:10:50 PST"]
[Termination "Jumbo won on time"]

1. e4 c5 2. Nf3 d6 3. Bc4 Nf6 4. d3 e6 5. Bb3 Be7 6. O-O O-O 7. Re1 Nc6 8. c3 a6 9. h3 b5 10. Nbd2 Bb7 11. Nf1 Ne5 12. Bc2 Nxf3+ 13. Qxf3 Qc7 14. Ng3 d5 15. e5 d4 16. Qd1 Nd5 17. cxd4 cxd4 18.
Bb3 Rac8 19. a3 Rfd8 20. Nh5 Kh8 21. Qg4 Bf8 22. Bg5 Rd7 23. Rac1 Qb8 24. Rxc8 Qxc8 25. Rc1 Rc7 26. Re1 Rd7 27. Bxd5 Rxd5 28. Nf6 Rc5 29. Qh5 1-0

[Event "*** MasterClass Titled Tuesday Blitz"]
[Site "Chess.com"]
[Date "2017.12.05"]
[Round "9"]
[White "Angry_Serb"]
[Black "TheMagician"]
[Result "1-0"]
[WhiteElo "2346"]
[BlackElo "2163"]
[TimeControl "180+2"]
[EndTime "16:10:58 PST"]
[Termination "Angry_Serb won on time"]

1. e4 c5 2. Nc3 d6 3. Nge2 e6 4. g4 Nc6 5. Bg2 Nd4 6. d3 Ne7 7.
Nxd4 cxd4 8. Ne2 Nc6 9. O-O e5 10. Ng3 g5 11. Nf5 f6 12. c3 Qb6 13. Qc2 h5 14. h3 hxg4 15. hxg4 Be6 16. a4 Rc8 17. Qe2 Qc5 18. Qf3 dxc3 19. bxc3 Rh7 20. d4 exd4 21. cxd4 Nxd4 22. Qd3 Qe5 23. f4 gxf4 24. Bxf4 Bxf5 25. Bxe5 dxe5 26. exf5 Bc5 27. Bd5 1-0

[Event "*** MasterClass Titled Tuesday Blitz"]
[Site "Chess.com"]
[Date "2017.12.05"]
[Round "9"]
[White "Al_Shima"]
[Black "Jahonas"]
[Result "0-1"]
[WhiteElo "2348"]
[BlackElo "2269"]
[TimeControl "180+2"]
[EndTime "16:11:05 PST"]
[Termination "Jahonas won by resignation"]

1. b3 e5 2. Bb2 Nc6 3. e3 g6 4. Bb5 Bg7 5. Nf3 Nge7 6. d4 exd4 7. Nxd4 Nxd4 8. Bxd4 O-O 9. Bxg7 Kxg7 10. Qd4+ Kg8 11. Nc3 c6 12. Bd3 d5 13. h4 Bf5 14. h5 Bxd3 15. Qxd3 Nf5 16. g4 Nd6 17. Qd4 Qe7 18. O-O-O Rae8 19. Qxa7 Qf6 20. Qd4 Qxf2 21. Rde1 Qg3 22. h6 Qe5 23. Qd3 b5 24. a4 b4 25.
Nb1 c5 26. Rd1 Ne4 27. Qxd5 Nf2 28. Qxe5 Rxe5 29. Rhe1 Nxd1 30. Kxd1 Rg5 31. Ke2 Rxg4 32. Nd2 Rg2+ 0-1

[Event "*** MasterClass Titled Tuesday Blitz"]
[Site "Chess.com"]
[Date "2017.12.05"]
[Round "9"]
[White "visa"]
[Black "indfraeng"]
[Result "1-0"]
[WhiteElo "2184"]
[BlackElo "1809"]
[TimeControl "180+2"]
[EndTime "16:11:12 PST"]
[Termination "visa won by resignation"]

1. e4 c6 2. Bc4 d5 3. Bb3 dxe4 4. Qh5 e6 5. Nc3 Nf6 6. Qh4 Qd4 7. Nf3 Qd8 8. Nxe4 Nxe4 9. Qxe4 Nd7 10. d4 Nf6 11. Qd3 Bd6 12. O-O O-O 13. c4 c5 14.
Bg5 cxd4 15. Bc2 g6 16. Qxd4 Be7 17. Qh4 Re8 18. Rad1 Nd7 19. Qh6 Qa5 20. Bxe7 Rxe7 21. Rxd7 Bxd7 22. Ng5 f5 23. h4 Qe5 24. Nf3 Qg7 25. Qc1 Bc6 26. Ng5 e5 27. b4 a6 28. a4 b5 29. cxb5 axb5 30. Bb3+ Kh8 31. Qxc6 bxa4 32. Qxa8+ 1-0

[Event "*** MasterClass Titled Tuesday Blitz"]
[Site "Chess.com"]
[Date "2017.12.05"]
[Round "9"]
[White "Hasangatin_Ramil"]
[Black "kanachess88"]
[Result "0-1"]
[WhiteElo "2370"]
[BlackElo "2268"]
[TimeControl "180+2"]
[EndTime "16:11:18 PST"]
[Termination "kanachess88 won on time"]

1. d4 Nf6 2. Bf4 d6 3. e3 g6 4. c4 Bg7 5. Nc3 O-O 6. Nf3 Re8 7. Be2 Nbd7 8. h3 e5 9. Bh2 c6 10. O-O Qe7 11. c5 dxc5 12. dxe5 Nd5 13. Nxd5 cxd5 14. Qxd5 Nxe5 15. Nxe5 Bxe5 16. Bxe5 Qxe5 17. Qxe5 Rxe5 18. Bf3 Re7 19. Rac1 Rc7 20. Bd5 Bd7 21. b4 Rac8 22.
bxc5 Rxc5 23. Rxc5 Rxc5 24. Bxb7 Ra5 25. Ra1 Be6 26. a3 Rb5 27. Be4 Rb3 28. a4 a5 29.
Bc6 Rb4 30. Bb5 Kf8 31. Rc1 Bb3 32. Rb1 Bd5 33. Kh2 Rxb1 0-1

[Event "*** MasterClass Titled Tuesday Blitz"]
[Site "Chess.com"]
[Date "2017.12.05"]
[Round "9"]
[White "Saitama_Hero"]
[Black "pulvettd"]
[Result "0-1"]
[WhiteElo "2132"]
[BlackElo "2283"]
[TimeControl "180+2"]
[EndTime "16:11:19 PST"]
[Termination "pulvettd won by resignation"]

1. d4 Nf6 2. c4 e6 3. Nc3 Bb4 4.
f3 d5 5. a3 Bxc3+ 6. bxc3 c6 7. e4 O-O 8. e5 Nfd7 9. cxd5 cxd5 10. Bd3 b6 11. Qe2 Qc7 12. Bd2 a5 13. f4 Ba6 14. Nf3 Bxd3 15. Qxd3 f5 16. g4 Nc6 17.
O-O Ne7 18. Ng5 Qc6 19. Qh3 h6 20. Nf3 fxg4 21. Qxg4 Nf5 22. Kh1 Rf7 23. Rg1 Raf8 24. Rg2 Qc4 25. Rag1 Qd3 26. Ne1 Qe4 27. Nf3 Re8 28.
h4 Nf8 29. Kh2 Rc8 30. h5 Rc4 31. Rb1 Qxb1 0-1

[Event "*** MasterClass Titled Tuesday Blitz"]
[Site "Chess.com"]
[Date "2017.12.05"]
[Round "9"]
[White "dawtonlms"]
[Black "Swarnapuri"]
[Result "0-1"]
[WhiteElo "2251"]
[BlackElo "2400"]
[TimeControl "180+2"]
[EndTime "16:11:33 PST"]
[Termination "Swarnapuri won by resignation"]

1. e4 Nc6 2. Nf3 d6 3. d4 Nf6 4. Nc3 Bg4 5. Be3 e5 6. d5 Ne7 7. Be2 Ng6 8. h3 Bd7 9. Qd2 Be7 10. O-O-O c5 11. h4 h6 12. h5 Nf8 13. Nh4 N8h7 14. Nf5 O-O 15. Nxg7 Kxg7 16. Bxh6+ Kh8 17. Bxf8 Qxf8 18.
Rdg1 Ng4 19. Qe1 Qh6+ 20. Kb1 Rg8 21. f3 Ne3 22. g4 a6 23. a4 Bd8 24. Bd3 c4 25. Be2 b5 26. axb5 axb5 27. Na2 Bb6 28. Nb4 Ra8 29. Qh4 Bd8 30. Qg3 f6 31. Nc6 Bb6 32.
Re1 Bxc6 33. dxc6 b4 34. b3 Bd4 35. c3 Bxc3 0-1

[Event "*** MasterClass Titled Tuesday Blitz"]
[Site "Chess.com"]
[Date "2017.12.05"]
[Round "9"]
[White "Winehouse83"]
[Black "Kaphrep"]
[Result "0-1"]
[WhiteElo "2397"]
[BlackElo "2585"]
[TimeControl "180+2"]
[EndTime "16:11:36 PST"]
[Termination "Kaphrep won by resignation"]

1. d4 d5 2. Bf4 c5 3. e3 cxd4 4. exd4 Nc6 5. Nc3 Bf5 6. Nf3 e6 7. a3 Nf6 8. Bd3 Bxd3 9. cxd3 Be7 10. Qb3 Qd7 11. O-O O-O 12. h3 Rfc8 13. Rfc1 Ne8 14. Ne5 Nxd4 15. Qd1 Qd8 16. Qh5 Nd6 17. Re1 Nc2 18. Ng4 Nxa1 19. Rxa1 Nf5 20. Ne5 g6 21. Qf3 Qb6 22. Nd1 f6 23. Ng4 h5 24. Nh2 Rc2 25. g4 Nh4 26. Qg3 g5 27. gxh5 Kf7 28. Ng4 Nf5 29.
Qg2 Rh8 30. Be3 d4 31. Bc1 Qc7 32. h6 Rxc1 33. Rxc1 Qxc1 34. Qf3 0-1

[Event "*** MasterClass Titled Tuesday Blitz"]
[Site "Chess.com"]
[Date "2017.12.05"]
[Round "9"]
[White "FearNoEvil12"]
[Black "wanyaland"]
[Result "1-0"]
[WhiteElo "2071"]
[BlackElo "2223"]
[TimeControl "180+2"]
[EndTime "16:11:36 PST"]
[Termination "FearNoEvil12 won by resignation"]

1. e4 c5 2. Nc3 e6 3. f4 a6 4. Nf3 Nc6 5. a4 g6 6. Bc4 Bg7 7. d3 Nge7 8. f5 gxf5 9. Bg5 fxe4 10. dxe4 h6 11. Bh4 Qa5 12. O-O Qb4 13. Qe2 Nd4 14.
Nxd4 cxd4 15. Nd5 exd5 16. exd5 Qd6 17. Rae1 f6 18. Bg3 Qc5 19. d6 d3+ 20. Qf2 Qxc4 21. Rxe7+ Kf8 22. cxd3 Qd5 23. Qe3 b5 24. Rf3 Bb7 25.
Be5 Kg8 26. Rg3 Rh7 27. Bxf6 Qh5 28. Rgxg7+ 1-0

[Event "*** MasterClass Titled Tuesday Blitz"]
[Site "Chess.com"]
[Date "2017.12.05"]
[Round "9"]
[White "GMKrikor"]
[Black "EndgameGrinder"]
[Result "1/2-1/2"]
[WhiteElo "2618"]
[BlackElo "2441"]
[TimeControl "180+2"]
[EndTime "16:11:40 PST"]
[Termination "Game drawn by repetition"]

1. e4 c5 2. Nf3 e6 3. d4 cxd4 4. Nxd4 Nc6 5. Nc3 Qc7 6. Be2 a6 7. Be3 Nf6 8. a3 b5 9. Nxc6 dxc6 10. f4 Bb7 11. e5 Rd8 12. Bd3 Nd5 13. Nxd5 Rxd5 14. Qe2 c5 15. c4 Rxd3 16. Qxd3 Bxg2 17. Rg1 Bc6 18. cxb5 axb5 19. Rc1 c4 20. Qd4 g6 21.
Qb6 Qxb6 22. Bxb6 Be7 23. Rd1 O-O 24. Ke2 Rc8 25. Bd4 Kf8 26. Ke3 Ke8 27. Rc1 Bd5 28.
Rgd1 Ra8 29. Kf2 Bh4+ 30. Ke3 Be7 31. Ra1 Ra4 32. Bc3 Kd7 33. Kf2 Kc6 34. Kg3 Kb6 35. Bd4+ Kc6 36. Bc3 Kb6 37. Kg4 Kc6 38. Kg3 Kb6 1/2-1/2

[Event "*** MasterClass Titled Tuesday Blitz"]
[Site "Chess.com"]
[Date "2017.12.05"]
[Round "9"]
[White "TijanaBlagojevic"]
[Black "Apocalyps999"]
[Result "0-1"]
[WhiteElo "2324"]
[BlackElo "2413"]
[TimeControl "180+2"]
[EndTime "16:11:56 PST"]
[Termination "Apocalyps999 won by resignation"]

1. e4 c5 2. Nf3 d6 3. Bb5+ Nc6 4. Bxc6+ bxc6 5. O-O g6 6. Re1 Bg7 7. c3 e5 8. d4 cxd4 9. cxd4 Bg4 10. h3 Bxf3 11. Qxf3 exd4 12. e5 Ne7 13. exd6 Qxd6 14. Bg5 f6 15. Bf4 Qd7 16. Qb3 c5 17. Nd2 Rd8 18. Nc4 Qd5 19. Nd6+ Kf8 20. Rxe7 Qxb3 21. axb3 Kxe7 22. Rxa7+ Rd7 23. Ra1 Rxd6 24. Bxd6+ Kxd6 25. Ra6+ Kd5 26. Kf1 Rb8 27. Ra7 Bh6 28. Ra3 Bc1 29. Ke2 Bxb2 30. Ra7 Rxb3 31. Rxh7 Kc4 32. Rc7 Bc3 33. g4 Rb2+ 34. Kf3 d3 35. h4 d2 36.
Rd7 Bd4 37. Ke2 Kc3 38. h5 Rb1 39. Rxd4 cxd4 0-1

[Event "*** MasterClass Titled Tuesday Blitz"]
[Site "Chess.com"]
[Date "2017.12.05"]
[Round "9"]
[White "JSPrepz"]
[Black "mikhaillushenkov"]
[Result "0-1"]
[WhiteElo "2562"]
[BlackElo "2601"]
[TimeControl "180+2"]
[EndTime "16:12:08 PST"]
[Termination "mikhaillushenkov won by resignation"]

1. e4 e6 2. d4 d5 3. Nc3 Nf6 4. Bg5 dxe4 5. Nxe4 Be7 6. Bxf6 Bxf6 7. Nxf6+ Qxf6 8. Nf3 O-O 9. Qd3 c5 10. O-O-O Rd8 11.
Qe4 Nc6 12. Bd3 g6 13. h4 Nxd4 14. h5 Nxf3 15. gxf3 e5 16. hxg6 hxg6 17. Rdg1 Rd4 18. Qe2 Bf5 19. Bxf5 Qxf5 20. Kb1 Rad8 21. b3 c4 22. Rh6 c3 23. Rc1 Rd2 24. Qc4 Rxc2 25.
Qh4 Rxc1+ 26. Kxc1 Qf4+ 27. Qxf4 exf4 28. Kc2 Rd2+ 29.
Kxc3 Rxf2 30. a4 Rxf3+ 31. Kc4 Kg7 32. Rh1 g5 33. b4 g4 34. Kd4 Kg6 35. Rh8 Rb3 36.
Ke5 Rxb4 37. Rg8+ Kh5 38. Kf5 Kh4 39. Rxg4+ Kh3 40. Rg7 f3 41. Rxf7 f2 42. Ke5 Kg2 43. Rg7+ Kf3 0-1

[Event "*** MasterClass Titled Tuesday Blitz"]
[Site "Chess.com"]
[Date "2017.12.05"]
[Round "9"]
[White "AndrBaryshpolets"]
[Black "ChessQueen"]
[Result "1-0"]
[WhiteElo "2504"]
[BlackElo "2583"]
[TimeControl "180+2"]
[EndTime "16:12:24 PST"]
[Termination "AndrBaryshpolets won on time"]

1. d4 Nf6 2. c4 e6 3. g3 d5 4. Bg2 dxc4 5. Nf3 Nc6 6. Qa4 Bb4+ 7. Bd2 Bd6 8. Na3 Rb8 9. Qxc4 Bxa3 10. bxa3 O-O 11.
O-O Ne4 12. Bf4 g5 13. Be3 f6 14. Rfd1 Qd5 15. Qc2 Qf5 16. Nh4 gxh4 17. Bxe4 Qh5 18. Bf4 hxg3 19. hxg3 Rf7 20. Kg2 Qa5 21. Rh1 f5 22.
Bxc6 bxc6 23. Be5 Qd5+ 24. f3 c5 25. Rad1 Ba6 26. Qd2 Qd8 27. Rh5 cxd4 28. Qh6 1-0

[Event "*** MasterClass Titled Tuesday Blitz"]
[Site "Chess.com"]
[Date "2017.12.05"]
[Round "9"]
[White "josmito10"]
[Black "LuisFSiles"]
[Result "1-0"]
[WhiteElo "2431"]
[BlackElo "2219"]
[TimeControl "180+2"]
[EndTime "16:12:32 PST"]
[Termination "josmito10 won by resignation"]

1. d4 Nf6 2. c4 g6 3. Nc3 Bg7 4. e4 d6 5. Nf3 O-O 6. Be2 c5 7. d5 e6 8. O-O Na6 9. a4 Nb4 10. Bf4 exd5 11. cxd5 Bg4 12. Nd2 Bxe2 13. Qxe2 Re8 14.
Qf3 Nc2 15. Rad1 Nd4 16. Qd3 a6 17. Nc4 Nh5 18. Bc1 b5 19. Ne3 Nf4 20. Qd2 Qg5 21.
Kh1 b4 22. Nb1 Rxe4 23. Rg1 Nxd5 24. Nc4 Qh5 25. Qg5 Qxg5 26. Bxg5 Ne6 27. Nxd6 Nxg5 28. Nxe4 Nxe4 29. Rgf1 Ndf6 30. f3 Ng5 31. Rc1 Ne6 32.
Nd2 Rc8 33. Nc4 Nd4 34. Rfe1 Nd5 35. Rcd1 h6 36. a5 Nf6 37. Re7 Re8 38. Ra7 Re6 39. Rc7 Rc6 40. Rxc6 Nxc6 41. Rd6 Nd4 42. Rxa6 Nd5 43.
Rd6 Nc7 44. a6 Ndb5 45. Rb6 Bd4 46. Rb7 Kg7 47. a7 Nxa7 48. Rxa7 Nb5 49. Rb7 Nc3 50.
bxc3 Bxc3 51. Kg1 1-0

[Event "*** MasterClass Titled Tuesday Blitz"]
[Site "Chess.com"]
[Date "2017.12.05"]
[Round "9"]
[White "Korchmar_Vasiliy"]
[Black "AndreyOstrovskiy"]
[Result "0-1"]
[WhiteElo "2525"]
[BlackElo "2526"]
[TimeControl "180+2"]
[EndTime "16:12:36 PST"]
[Termination "AndreyOstrovskiy won by resignation"]

1. d4 Nf6 2. c4 e6 3. Nc3 Bb4 4. e3 b6 5. Ne2 Ne4 6. Qc2 Bb7 7. a3 Bxc3+ 8. Nxc3 Nxc3 9. Qxc3 Qh4 10. b4 O-O 11. Bb2 Be4 12. Qd2 c5 13. dxc5 bxc5 14. b5 d5 15. O-O-O Nd7 16. f3 Bg6 17. cxd5 exd5 18. Qxd5 Nb6 19. Qe5 f6 20. Qf4 Qf2 21. e4 Rad8 22.
Bd3 c4 23. Bc2 Qc5 24. Rxd8 Rxd8 25. Rd1 Rxd1+ 26. Kxd1 Qg1+ 27. Kd2 Qxg2+ 28. Kc3 Nd5+ 29. exd5 Qxc2+ 30. Kb4 Qxb2+ 31. Kc5 Qxa3+ 32. Kc6 Be8+ 33. Kb7 Qc5 34. Qe4 Qxb5+ 35. Kc7 Qd7+ 36. Kb8 c3 37. Qc4 Qb5+ 0-1

[Event "*** MasterClass Titled Tuesday Blitz"]
[Site "Chess.com"]
[Date "2017.12.05"]
[Round "9"]
[White "nubair1198"]
[Black "Msb2"]
[Result "0-1"]
[WhiteElo "2526"]
[BlackElo "2710"]
[TimeControl "180+2"]
[EndTime "16:12:42 PST"]
[Termination "Msb2 won by resignation"]

1. Nf3 d5 2. d4 Nf6 3. c4 e6 4.
Nc3 Bb4 5. cxd5 exd5 6. Bg5 O-O 7. e3 Bf5 8. Qb3 Bxc3+ 9. bxc3 Nbd7 10. Be2 c5 11. Qxb7 Rb8 12. Qa6 Rb2 13. Bxf6 Nxf6 14. O-O Bc8 15. Qd3 c4 16. Qd1 Ne4 17. Rc1 Qa5 18. Rc2 Qxa2 19. Ne1 Rxc2 20. Qxc2 Qxc2 21. Nxc2 Nxc3 22. Bf3 a5 23. Ra1 Bf5 24. Ra3 Rb8 25. g4 Bxc2 26. Rxc3 Bb3 27. Bxd5 Rb4 28. e4 a4 29. e5 a3 30. Rf3 a2 31. Kg2 a1=Q 32. Rxf7 c3 33. Ra7+ Bxd5+ 0-1

[Event "*** MasterClass Titled Tuesday Blitz"]
[Site "Chess.com"]
[Date "2017.12.05"]
[Round "9"]
[White "Blitzstream"]
[Black "jefferyx"]
[Result "1-0"]
[WhiteElo "2566"]
[BlackElo "2771"]
[TimeControl "180+2"]
[EndTime "16:12:43 PST"]
[Termination "Blitzstream won by resignation"]

1. g4 c5 2. Bg2 Nc6 3. c4 d6 4.
g5 g6 5. Nc3 h6 6. h4 hxg5 7.
hxg5 Rxh1 8. Bxh1 Bg7 9. d3 Qd7 10. Be3 Qg4 11. Kd2 Bd7 12. Bf3 Qh4 13. Qb3 Rb8 14.
Be4 Bd4 15. Nf3 Qh8 16. Rb1 Bxe3+ 17. fxe3 e6 18. Nb5 Ke7 19. d4 f5 20. gxf6+ Nxf6 21. Bxg6 Qh6 22. Bd3 a6 23. dxc5 axb5 24. cxd6+ Kxd6 25. cxb5 Nd5 26. bxc6 Qxe3+ 27. Kd1 Bxc6 28. Rc1 Ra8 29.
Qc4 Ra4 30. Qc2 Rxa2 31. Bc4 Ba4 32. Bxa2 Bxc2+ 33. Rxc2 Qg1+ 34. Nxg1 1-0

[Event "*** MasterClass Titled Tuesday Blitz"]
[Site "Chess.com"]
[Date "2017.12.05"]
[Round "9"]
[White "nicegg"]
[Black "mikelito7"]
[Result "1-0"]
[WhiteElo "1989"]
[BlackElo "1372"]
[TimeControl "180+2"]
[EndTime "16:12:46 PST"]
[Termination "nicegg won by checkmate"]

1. e4 e5 2. f4 Nc6 3. c3 exf4 4. Qf3 Nf6 5. d4 d5 6. e5 Ne4 7. Qxf4 g5 8. Qe3 h5 9. Nd2 Bh6 10. Nxe4 g4 11. Nf6+ Qxf6 12. exf6+ Bxe3 13. Bxe3 Bf5 14. O-O-O Kd7 15. Bd3 Be6 16. Ne2 a6 17. Nf4 b5 18.
Rde1 b4 19. Rhf1 bxc3 20. bxc3 Rae8 21. Nxe6 fxe6 22. f7 Ref8 23. Bg6 Nd8 24. Bg5 Nc6 25. Bf6 Rhg8 26. fxg8=Q Rxg8 27. Bxh5 g3 28. hxg3 Rxg3 29.
Bf3 Rg6 30. Be5 Na5 31. Rh1 Nc4 32.
Rh7+ Kc6 33. Rxc7+ Kb5 34. Rxc4 dxc4 35. Kc2 a5 36.
Rb1+ Ka6 37. Bb7+ Ka7 38. Bc6 Rg7 39. Bb8+ Ka6 40. a4 e5 41. Bd7 Rxg2+ 42. Kd1 Rg8 43. Bb5+ Kb6 44. Bxe5 Rg1+ 45. Kc2 Rg2+ 46. Kc1 Rg1+ 47.
Kb2 Rg2+ 48. Ka1 Ka7 49. Bxc4 Rc2 50. Bb8+ Ka8 51. Bd5# 1-0

[Event "*** MasterClass Titled Tuesday Blitz"]
[Site "Chess.com"]
[Date "2017.12.05"]
[Round "9"]
[White "Zenzo"]
[Black "Frolik67"]
[Result "1-0"]
[WhiteElo "2499"]
[BlackElo "2404"]
[TimeControl "180+2"]
[EndTime "16:12:57 PST"]
[Termination "Zenzo won by resignation"]

1. e4 e6 2. d4 d5 3. Nd2 Nf6 4. e5 Nfd7 5. Bd3 c5 6. c3 b6 7. Ne2 Ba6 8. Bb1 cxd4 9. cxd4 Nc6 10. Nb3 Rc8 11. O-O Be7 12. f4 g6 13. Be3 h5 14.
Rf3 Na5 15. Nxa5 bxa5 16. Nc3 Nb6 17. Bf2 Qd7 18. h3 a4 19. Bc2 a3 20. bxa3 h4 21. Rb1 Nc4 22. Ba4 Rc6 23. Rb8+ Bd8 24.
Nb1 O-O 25. Qe1 Qc7 26. Rxd8 Rxd8 27. Bxc6 Qxc6 28. Bxh4 Rb8 29. Rb3 Rxb3 30. axb3 Nb6 31. Qc3 Qxc3 32. Nxc3 Bd3 33. Bd8 Nd7 34. Kf2 Kf8 35. h4 Ke8 36. Bc7 Nf8 37. Ke3 Bf1 38. g3 Kd7 39. Bd6 Nh7 40. Nd1 f5 41. Kd2 Kc6 42.
Ne3 Ba6 43. a4 Kd7 44. Kc3 Kc6 45. Kb4 Be2 46. Ka5 Bd3 47. b4 a6 48. Nd1 Bf1 49.
Nc3 Bd3 50. b5+ axb5 51. axb5+ Kb7 52. Na4 Bf1 53. Nc5+ 1-0

[Event "*** MasterClass Titled Tuesday Blitz"]
[Site "Chess.com"]
[Date "2017.12.05"]
[Round "9"]
[White "fardinkhan46"]
[Black "lrivaspicazo"]
[Result "0-1"]
[WhiteElo "1463"]
[BlackElo "1731"]
[TimeControl "180+2"]
[EndTime "16:12:58 PST"]
[Termination "lrivaspicazo won by checkmate"]

1. e4 Nf6 2. Nc3 d5 3. e5 d4 4. exf6 dxc3 5. fxg7 cxd2+ 6. Qxd2 Qxd2+ 7. Bxd2 Bxg7 8. c3 Nc6 9. Nf3 a6 10. Bd3 Bg4 11.
Be2 O-O-O 12. Be3 h6 13. O-O Rhg8 14. h3 Be6 15. Kh2 Bd5 16. Rad1 Bxa2 17. Rxd8+ Nxd8 18. Rd1 Bb3 19. Rd2 Ne6 20. Bd4 Nxd4 21. Nxd4 Be5+ 22. g3 Bxd4 23. Rxd4 Be6 24. Bg4 Bxg4 25. Rxg4 Rxg4 26. hxg4 Kd7 27. Kh3 Ke6 28. Kh4 Kf6 29.
f4 Kg6 30. g5 hxg5+ 31. fxg5 e5 32. Kg4 c5 33. Kf3 b5 34. Kg4 a5 35. Kf3 Kxg5 36. Ke4 f6 37. Kd5 b4 38. Kxc5 bxc3 39. bxc3 e4 40. Kd4 a4 41. c4 a3 42. c5 a2 43.
Kxe4 a1=Q 44. Kd5 Qe5+ 45. Kc6 Qxg3 46. Kb5 Qb3+ 47. Kc6 f5 48. Kd6 f4 49. c6 f3 50.
c7 Qd3+ 51. Ke7 Qa3+ 52. Kd7 Qa7 53. Kd8 Qb6 54. Kd7 Qxc7+ 55. Kxc7 f2 56. Kd6 f1=Q 57. Kd5 Kf5 58. Kd4 Qb5 59. Ke3 Qc4 60. Kd2 Ke4 61.
Ke1 Qa2 62. Kd1 Kd3 63. Ke1 Qe2# 0-1

[Event "*** MasterClass Titled Tuesday Blitz"]
[Site "Chess.com"]
[Date "2017.12.05"]
[Round "9"]
[White "MRniceplay"]
[Black "AndrewMcStone"]
[Result "1-0"]
[WhiteElo "2246"]
[BlackElo "2110"]
[TimeControl "180+2"]
[EndTime "16:13:05 PST"]
[Termination "MRniceplay won by checkmate"]

1. e4 Nc6 2. Nf3 d6 3. d4 Nf6 4. Nc3 g6 5. h3 Bg7 6. Be3 O-O 7. Qd2 e5 8. d5 Nb8 9. g4 c6 10. O-O-O cxd5 11. exd5 Qa5 12. Bh6 Na6 13. Bxg7 Kxg7 14. Kb1 Nc7 15. Ng5 b5 16. f3 b4 17. Nce4 Qxd5 18.
Qc1 Qa5 19. h4 Nxe4 20. Nxe4 Be6 21. b3 Nb5 22. h5 Na3+ 23. Ka1 Rac8 24. Bd3 Bxb3 25. cxb3 Rxc1+ 26. Rxc1 Nb5 27. h6+ Kh8 28. Bxb5 Qxb5 29. Nxd6 Qd3 30. Ne4 Qd4+ 31. Kb1 f5 32.
gxf5 gxf5 33. Rhd1 Qb6 34. Nd6 a5 35. Nf7+ Kg8 36.
Nxe5 Qb7 37. Rd7 Qb5 38. Rg7+ Kh8 39. Nf7+ Rxf7 40. Rc8+ Rf8 41. Rxf8# 1-0

[Event "*** MasterClass Titled Tuesday Blitz"]
[Site "Chess.com"]
[Date "2017.12.05"]
[Round "9"]
[White "GameOverBro"]
[Black "1random"]
[Result "0-1"]
[WhiteElo "2320"]
[BlackElo "2212"]
[TimeControl "180+2"]
[EndTime "16:13:17 PST"]
[Termination "1random won by resignation"]

1. e4 d5 2. exd5 Nf6 3. d4 Bg4 4. f3 Bf5 5. Bb5+ Nbd7 6. c4 e6 7.
dxe6 Bxe6 8. d5 Bf5 9. Nc3 Bc5 10. Nge2 O-O 11. Bxd7 Nxd7 12. Bf4 Re8 13. Qd2 Ne5 14. Ne4 Bxe4 15. fxe4 Nxc4 16. Qc2 Bb4+ 17. Nc3 Bxc3+ 18. bxc3 Qxd5 19. O-O Qxe4 20. Qxe4 Rxe4 21. Bxc7 h5 22. Rfd1 Rae8 23. Bg3 R8e7 24. Rab1 Re2 25. Rd8+ Kh7 26. Rd5 Kg6 27. Bh4 f6 28. Rd4 Ne3 29. Bf2 Ng4 30.
Bg3 Rxa2 31. h3 Ne3 32. Bf2 Nf5 33. Rdb4 Ree2 34. Rf1 Ne3 35. Rf4 Nxf1 36. Kxf1 Rxf2+ 0-1

[Event "*** MasterClass Titled Tuesday Blitz"]
[Site "Chess.com"]
[Date "2017.12.05"]
[Round "9"]
[White "GeorgMeier"]
[Black "chito89"]
[Result "1/2-1/2"]
[WhiteElo "2798"]
[BlackElo "2625"]
[TimeControl "180+2"]
[EndTime "16:13:25 PST"]
[Termination "Game drawn by repetition"]

1. Nf3 d5 2. g3 Bg4 3. Bg2 c6 4. h3 Bh5 5. c4 e6 6. O-O Nd7 7. cxd5 exd5 8. d3 Ngf6 9. Nc3 Be7 10. e4 dxe4 11. dxe4 Nc5 12. Be3 Qxd1 13. Rfxd1 Nfd7 14. g4 Bg6 15. Nd4 Ne5 16. b3 Ned3 17. Bf1 Nb4 18. a3 Nba6 19. f3 Nc7 20. b4 N5e6 21. Nf5 h5 22. Nd6+ Bxd6 23. Rxd6 hxg4 24. hxg4 a6 25. a4 f6 26. Rad1 Bf7 27. a5 Rd8 28. Rxd8+ Nxd8 29. Kg2 Bb3 30. Rd2 Nde6 31. f4 Nb5 32.
Bxb5 axb5 33. f5 Nd8 34. Bf4 Nf7 35. Ne2 Rh4 36. Kg3 Rh1 37. Kg2 Rb1 38. Nc3 Rc1 39.
Ne2 Rc4 40. Rd4 Rc2 41. Rd2 Rc4 42. Rd4 Rc2 43. Rd2 Rc4 44. Rd4 1/2-1/2

[Event "*** MasterClass Titled Tuesday Blitz"]
[Site "Chess.com"]
[Date "2017.12.05"]
[Round "9"]
[White "luisgui16"]
[Black "toad"]
[Result "1-0"]
[WhiteElo "2322"]
[BlackElo "2157"]
[TimeControl "180+2"]
[EndTime "16:13:25 PST"]
[Termination "luisgui16 won by resignation"]

1. e4 c5 2. Nf3 d6 3. d4 cxd4 4. Nxd4 Nf6 5. Nc3 a6 6. Bg5 Nbd7 7. f4 e5 8. Nf5 Qb6 9. Qd2 Qxb2 10. Rb1 Qa3 11. Bc4 Qc5 12. Bd5 h6 13. Bh4 g6 14.
Bf2 Qc7 15. Ne3 exf4 16. Nc4 g5 17. Nb6 Nxb6 18. Bxb6 Qe7 19. O-O Bg7 20. Bd4 O-O 21.
Na4 Nxd5 22. exd5 Bxd4+ 23. Qxd4 Qe3+ 24. Qxe3 fxe3 25. Rfe1 Re8 26. Nb6 Rb8 27. Rb3 Bf5 28. c4 Kf8 29. Rbxe3 Rxe3 30. Rxe3 Re8 31. Kf2 Bb1 32.
Nd7+ Kg7 33. Rxe8 Bxa2 34. Nb6 Kf6 35. Rb8 Ke5 36. Rxb7 f5 37. Ra7 Kd4 38. Rxa6 Bb1 39. Nd7 Kxc4 40. Rxd6 Be4 41. Rxh6 Kxd5 42. Nf6+ Ke5 43.
Nxe4 Kxe4 44. g3 Ke5 45. h4 gxh4 46. Rxh4 1-0

[Event "*** MasterClass Titled Tuesday Blitz"]
[Site "Chess.com"]
[Date "2017.12.05"]
[Round "9"]
[White "Scott-fox21"]
[Black "Vamostodorecto"]
[Result "0-1"]
[WhiteElo "2190"]
[BlackElo "2331"]
[TimeControl "180+2"]
[EndTime "16:13:30 PST"]
[Termination "Vamostodorecto won by resignation"]

1. d4 Nf6 2. c4 g6 3. Nc3 d5 4. cxd5 Nxd5 5. Bd2 Bg7 6. e4 Nxc3 7. Bxc3 c5 8. d5 Bxc3+ 9. bxc3 O-O 10. Qd2 e6 11.
d6 Bd7 12. Nf3 Bc6 13. Qh6 Qf6 14. e5 Qg7 15. Qxg7+ Kxg7 16. Be2 Nd7 17. O-O Bxf3 18. Bxf3 Nxe5 19. Bxb7 Rab8 20. Rab1 Rfd8 21. Rfd1 f5 22. f4 Nc4 23. d7 Na5 24. Bc8 Rb6 25. Rxb6 axb6 26.
Rd6 Nc4 27. Rxe6 Kf7 28. Rc6 Ke7 29. Rc7 Kd6 30. Ra7 Na5 31. Kf2 Kd5 32. Kg3 Kc4 33. Ba6+ Kxc3 34. Bb5 Kb4 35. a4 c4 36. Rc7 c3 37. Rc8 Nb7 38. Ba6 Rxd7 39. Rb8 Nc5 40. Rxb6+ Ka3 41. Rc6 Nxa6 42. Rxa6 c2 43. Rc6 Kb2 44.
Rb6+ Ka1 45. Rc6 Kb1 46. Rb6+ Kc1 47. Kh4 Kd2 48. Kg5 c1=Q 49. g4 Qg1 50. h3 Qxb6 51. Kh6 fxg4 52. h4 Qf6 53. h5 gxh5+ 54. Kxh5 Qg6+ 55.
Kh4 g3 0-1